 Dungeon Crawl Stone Soup version 0.22-a0-414-gacd343e8ff (webtiles) character file.

750 Lorindel the Magician (level 7, -7/39 HPs)
             Began as a Deep Elf Wizard on May 4, 2018.
             Mangled by an ogre
             ... wielding a +0 giant club
              (26 damage)
             ... on level 4 of the Dungeon on May 14, 2018.
             The game lasted 00:26:28 (4930 turns).

Lorindel the Magician (Deep Elf Wizard)             Turns: 4930, Time: 00:26:29

Health: -7/39      AC:  6    Str:  4    XL:     7   Next: 48%
Magic:  14/18      EV: 13    Int: 25    God:
Gold:   171        SH:  0    Dex: 13    Spells: 6/19 levels left

rFire    . . .     SeeInvis .   m - +4 quarterstaff (chaos)
rCold    . . .     Gourm    .   (shield currently unavailable)
rNeg     . . .     Faith    .   a - +0 robe
rPois    .         Spirit   .   b - +0 hat
rElec    .         Reflect  .   n - +0 cloak
rCorr    .         Harm     .   (no gloves)
MR       .....                  q - +2 pair of boots {Fly}
Stlth    ++........             (no amulet)
HPRegen  0.13/turn              (no ring)
MPRegen  0.16/turn              (no ring)

@: flying
A: no striking features
a: Stop Flying


You were on level 4 of the Dungeon.
You were not hungry.

You visited 1 branch of the dungeon, and saw 4 of its levels.

You collected 171 gold pieces.

Inventory:

Hand Weapons
 m - a +4 quarterstaff of chaos (weapon)
Armour
 a - a +0 robe (worn)
 b - a +0 hat (worn)
 n - a +0 cloak (worn)
 q - a +2 pair of boots of flying (worn)
Jewellery
 f - an uncursed ring of ice
Scrolls
 e - a scroll of remove curse {unknown}
 g - 4 scrolls of identify {unknown}
 k - a scroll of fear {unknown}
 l - a scroll of immolation {unknown}
 r - 2 scrolls of blinking {unknown}
Potions
 h - 2 potions of might
 i - a potion of curing
 j - a potion of cancellation {unknown}
 o - a potion of berserk rage {unknown}
 p - a potion of haste {unknown}
Comestibles
 c - 6 chunks of flesh
 d - 8 rations


   Skills:
 + Level 1.6 Fighting
 + Level 1.1 Staves
 + Level 3.4 Dodging
 + Level 3.5 Stealth
 + Level 6.5 Spellcasting
 + Level 2.3 Conjurations
 + Level 2.4 Hexes
 * Level 3.5 Summonings
 + Level 2.3 Translocations
 + Level 2.1 Fire Magic
 + Level 2.0 Air Magic
 + Level 1.9 Poison Magic


You had 6 spell levels left.
You knew the following spells:

 Your Spells              Type           Power        Failure   Level  Hunger
a - Magic Dart            Conj           ###.         2%          1    None
b - Blink                 Tloc           N/A          4%          2    None
c - Call Imp              Summ           ####....     2%          2    None
d - Slow                  Hex            ###.....     4%          2    None
e - Conjure Flame         Conj/Fire      ###.....     9%          3    None
f - Mephitic Cloud        Conj/Pois/Air  ###.....     9%          3    None

Your spell library contained the following spells:

 Spells                   Type           Power        Failure   Level  Hunger
 Confuse                  Hex            ###.....     8%          3    None
 Confusing Touch          Hex            ###...       2%          1    None
 Metabolic Englaciation   Hex/Ice        ##........   75%         5    #####..
 Petrify                  Tmut/Erth      #.......     56%         4    ###....
 Gell's Gravitas          Tloc           ###.......   9%          3    None
 Yara's Violent Unravell  Hex/Tmut       ##........   75%         5    #####..


Dungeon Overview and Level Annotations

Branches:
Dungeon (4/15)
 Temple: D:4-7

Altars:
Hepliaklqana


Message History

The ogre chortles and stares into space.
You hit the ogre.
The ogre seems to speed up.
The ogre is heavily wounded.
The ogre completely misses you. The orc hits you but does no damage.
The orc closely misses you. The ogre hits you with a giant club!
Casting: Mephitic Cloud (safe; 9% risk of failure)
Confirm with . or Enter, or press ? or * to list all spells.
Okay, then.
You thump the ogre! You burn the ogre.
The ogre is severely wounded.
The orc hits you but does no damage. The worker ant misses you.
The worker ant barely misses you.
The ogre screams, "I'll kill you anyway!"
You hit the ogre.
The ogre is poisoned.
The ogre is almost dead.
The worker ant bites you but does no damage.
The orc closely misses you. The worker ant closely misses you.
The ogre seems less confused.
The ogre hits you with a giant club!!
Ouch! That really hurt!
You die...

## .# .# ##.
#.# #O# ##... #
#@###..... ##.
#o........
#..###†a#.##.#
#............
#..$.....##.#
#........#
###.......$#..
#.....<......#
...#......#####


You could see an ogre, a worker ant and an orc.

Vanquished Creatures
  A gnoll sergeant (D:3)
  A jelly (D:2)
  4 gnoll shamans (D:3)
  Jessica (D:3)
  Natasha (twice) (D:2)
  A worker ant (D:4)
  32 gnolls (D:3)
  4 adders
  2 worms (D:2)
  2 dart slugs
  A leopard gecko (D:2)
  3 orcs (D:3)
  4 giant cockroaches
  2 goblins
  7 hobgoblins
  12 jackals
  A quokka (D:3)
  2 ball pythons
  3 bats
  A frilled lizard (D:1)
  4 kobolds
  8 rats
98 creatures vanquished.

Vanquished Creatures (collateral kills)
  Crazy Yiuf (D:2)
  A gnoll shaman (D:3)
  Natasha (D:2)
  3 gnolls (D:3)
  A jackal (D:3)
7 creatures vanquished.

Grand Total: 105 creatures vanquished

Notes
Turn   | Place    | Note
-------+----------+-------------------------------------------
     0 | D:1      | Lorindel the Deep Elf Wizard began the quest for the Orb.
     0 | D:1      | Reached XP level 1. HP: 10/10 MP: 7/7
   261 | D:1      | Reached skill level 5 in Spellcasting
   292 | D:1      | Reached XP level 2. HP: 15/15 MP: 1/10
   296 | D:1      | Learned a level 2 spell: Blink
   299 | D:1      | Learned a level 2 spell: Call Imp
   302 | D:1      | Learned a level 2 spell: Slow
   863 | D:2      | Reached XP level 3. HP: 18/19 MP: 7/12
   868 | D:2      | Learned a level 3 spell: Conjure Flame
   872 | D:2      | Learned a level 3 spell: Mephitic Cloud
   903 | D:2      | Noticed Natasha
   939 | D:2      | Killed Natasha
  1252 | D:2      | Reached skill level 6 in Spellcasting
  1252 | D:2      | Reached XP level 4. HP: 7/24 MP: 1/14
  1553 | D:2      | Noticed Natasha
  1576 | D:2      | Killed Natasha
  1958 | D:2      | Reached skill level 1 in Hexes
  2072 | D:2      | Noticed Natasha
  2084 | D:2      | Killed Natasha
  2084 | D:2      | Reached XP level 5. HP: 19/28 MP: 6/15
  2189 | D:2      | Reached skill level 1 in Poison Magic
  2511 | D:2      | Found a runed door.
  2515 | D:2      | Noticed Crazy Yiuf
  2529 | D:2      | Killed Crazy Yiuf
  2689 | D:3      | Noticed Jessica
  2697 | D:3      | Killed Jessica
  2697 | D:3      | Reached skill level 1 in Fire Magic
  2719 | D:3      | Reached skill level 1 in Air Magic
  3227 | D:3      | Reached skill level 1 in Fighting
  3298 | D:3      | Reached XP level 6. HP: 34/34 MP: 10/17
  3684 | D:3      | Reached XP level 7. HP: 31/38 MP: 5/18
  3916 | D:3      | Reached skill level 1 in Staves
  4730 | D:3      | Found a hazy altar of Hepliaklqana.
  4901 | D:3      | Upgraded the game from 0.22-a0-396-g3f858e37d3 to 0.22-a0-414-gacd343e8ff
  4930 | D:4      | Mangled by an ogre

Vault maps used:
D:1:      saegor_arrival_simple_e
D:2:      uniq_natasha, uniq_crazy_yiuf_cottage
D:3:      lemuel_castle_with_subvaults, overflow_temple_1_default, first_ration,
          kennysheep_jessica_study
D:4:      lemuel_round_altar, grunt_temple_overflow_diamond,
          portal_sewer_entry_e

Skill      XL: |  1  2  3  4  5  6  7 |
---------------+----------------------+-----
Spellcasting   | 5 6 |  6.5
Hexes          | 1 2 |  2.4
Summonings     | 2 3 |  3.5
Poison Magic   | 1 |  1.9
Fire Magic     | 1 2 |  2.1
Air Magic      | 1 2 |  2.0
Dodging        | 3 |  3.4
Fighting       | 1 |  1.6
Stealth        | 3 |  3.5
Translocations | 2 |  2.3
Conjurations   | 2 |  2.3
Staves         | 1 |  1.1

Action                   |  1- 3 |  4- 6 |  7- 9 || total
-------------------------+-------+-------+-------++-------
Melee: Unarmed           |     3 |       |       ||     3
       Quarterstaff      |       |    46 |    42 ||    88
 Cast: Magic Dart        |    57 |   143 |    66 ||   266
       Blink             |     4 |       |       ||     4
       Call Imp          |     3 |    14 |     5 ||    22
       Conjure Flame     |     2 |     4 |     1 ||     7
       Slow              |       |     5 |     2 ||     7
       Mephitic Cloud    |       |     4 |     6 ||    10
  Use: Potion            |     4 |       |       ||     4
 Stab: Sleeping          |       |     2 |       ||     2
       Confused          |       |     1 |       ||     1
  Eat: Ration            |       |     1 |       ||     1
       Chunk             |       |     5 |     4 ||     9
Armor: Robe              |     3 |    20 |     7 ||    30
Dodge: Dodged            |    16 |    44 |    46 ||   106

Table legend:
 A = Spawn XP
 B = Non-spawn XP
 C = Spawn XP percentage of total XP
 D = Spawn monster count
 E = Non-spawn monster count
 F = Spawn count percentage of total count
 G = Total turns spent on level
                    A         B        C        D         E        F      G
               +---------+---------+-------+---------+---------+-------+---------
         Total |       0 |    1072 |   0.0 |       0 |     105 |   0.0 |  4930
               +---------+---------+-------+---------+---------+-------+---------
           D:1 |       0 |      26 |   0.0 |       0 |      14 |   0.0 |  1062
           D:2 |       0 |     226 |   0.0 |       0 |      24 |   0.0 |  1587
           D:3 |       0 |     803 |   0.0 |       0 |      66 |   0.0 |  2267
           D:4 |       0 |      17 |   0.0 |       0 |       1 |   0.0 |    14
               +---------+---------+-------+---------+---------+-------+---------
